 Dungeon Crawl Stone Soup version 0.30.0-5-g1a98f26d00 (webtiles) character file.

Game seed: 16832162041638317009

288 Adrian566 the Chopper (level 6, -2/52 HPs)
             Began as a Hill Orc Fighter on May 12, 2023.
             Slain by Duvessa
             ... wielding a +0 short sword
              (10 damage)
             ... on level 4 of the Dungeon.
             The game lasted 00:02:16 (3132 turns).

Adrian566 the Chopper (Hill Orc Fighter)            Turns: 3132, Time: 00:02:17

Health: -2/52      AC:  7    Str: 21    XL:     6   Next: 31%
Magic:  6/6        EV:  9    Int:  8    God:
Gold:   504        SH:  4    Dex: 10    Spells: 5/5 levels left

rFire   . . .        a - +0 war axe
rCold   . . .        c - +0 buckler
rNeg    . . .        b - +0 scale mail
rPois   .            (no helmet)
rElec   .            h - scarf {repulsion}
rCorr   .            (no gloves)
SInv    .            (no boots)
Will    .....        q - amulet of regeneration Stlth
                     (no ring)
HPRegen 1.08/turn    (no ring)
MPRegen 0.10/turn

%: repel missiles
@: mighty
A: no striking features
a: no special abilities


You were on level 4 of the Dungeon.
You visited 1 branch of the dungeon, and saw 4 of its levels.

You collected 504 gold pieces.

Inventory:

Hand Weapons
 a - a +0 war axe (weapon)
Armour
 b - a +0 scale mail (worn)
 c - a +0 buckler (worn)
 h - a scarf of repulsion (worn)
Jewellery
 j - an amulet of reflection
 q - an amulet of regeneration (around neck)
Wands
 e - a wand of paralysis (11)
Scrolls
 f - 2 scrolls of blinking {unknown}
 k - a scroll of magic mapping {unknown}
 l - a scroll of teleportation {unknown}
 p - 2 scrolls of identify {unknown}
 r - a scroll of poison {unknown}
 u - a scroll of enchant weapon {unknown}
 v - a scroll of fog {unknown}
Potions
 g - 2 potions of lignification {unknown}
 i - 4 potions of haste {unknown}
 m - 3 potions of curing {unknown}
 n - a potion of heal wounds {unknown}
 o - 2 potions of attraction {unknown}
 s - a potion of brilliance {unknown}
 t - a potion of mutation {unknown}


   Skills:
 + Level 4.1 Fighting
 * Level 7.1 Axes
 + Level 4.1 Armour
 + Level 0.6 Dodging
 + Level 0.1 Stealth
 + Level 3.6 Shields


You had 5 spell levels left.
You didn't know any spells.
Your spell library contained the following spells:

 Spells                   Type           Power      Damage    Failure   Level
 Magic Dart               Conj           0%         1d3       80%         1
 Searing Ray              Conj           0%         2d4       91%         2
 Vhi's Electric Charge    Tloc/Air       0%         N/A       99%         3
 Fulminant Prism          Conj/Hex       0%         3d5       100%        4
 Arcjolt                  Conj/Air       0%         1d10      100%        5
 Plasma Beam              Fire/Air       0%         2x1d11    100%        6


Dungeon Overview and Level Annotations

Branches:
Dungeon (4/15)
 Temple: D:4-7

Altars:

Shops:
D:3 :

Annotations:
D:4 Duvessa


Message History

Dowan closely misses you.
You slash Dowan!
Dowan is heavily wounded.
Dowan hits you but does no damage. Dowan closely misses you.
You slice Dowan!!
You kill Dowan!
Duvessa screams, "No!
How DARE you!"
Duvessa goes berserk!
Your Axes skill increases to level 7!
You hit Duvessa.
Duvessa is lightly wounded.
Duvessa hits you with a +0 short sword! You block Duvessa's attack.
You hit Duvessa.
Duvessa is lightly wounded.
Duvessa hits you with a +0 short sword! x2
You are too injured to fight recklessly!
You are too injured to fight recklessly!
You are too injured to fight recklessly!
You are too injured to fight recklessly!
You are too injured to fight recklessly!
You are too injured to fight recklessly!
You are too injured to fight recklessly!
You are too injured to fight recklessly!
You are too injured to fight recklessly!
You are too injured to fight recklessly!
You are too injured to fight recklessly!
You are too injured to fight recklessly!
Unknown command.
You are too injured to fight recklessly!
Unknown command.
You are too injured to fight recklessly!
Unknown command.
You feel very mighty all of a sudden. Duvessa hits you with a +0 short sword.
You slice Duvessa!!
Duvessa is heavily wounded.
Duvessa hits you with a +0 short sword!
* * * LOW HITPOINT WARNING * * *
Duvessa hits you with a +0 short sword!
You die...

#.................###
#.......##....###
###....###...##
#.###...###....#
#......###.....#
####....#......#
##..........#
##.........# #
##...@....# #
##...e....# #
##.......# #
##......# # #.......#
##....... ### #......
#.. ...... #.. ##.


You could see Duvessa (berserk).

Vanquished Creatures
  A scorpion (D:4)
  Dowan (D:4)
  A hound (D:4)
  An iguana (D:4)
  3 adders
  4 worms (D:2)
  4 dart slugs
  6 orcs (D:3)
  11 ball pythons
  10 bats
  5 endoplasms
  2 giant cockroaches
  3 goblins
  5 hobgoblins
  A jackal (D:4)
  3 quokkas
  A frilled lizard (D:1)
  12 kobolds
  3 rats (D:3)
77 creatures vanquished.

Notes
Turn   | Place    | Note
-------+----------+-------------------------------------------
     0 | D:1      | Adrian566 the Hill Orc Fighter began the quest for the Orb.
     0 | D:1      | Reached XP level 1. HP: 19/19 MP: 1/1
    58 | D:1      | Found a faded altar of an unknown god.
   121 | D:1      | Reached skill level 3 in Axes
   121 | D:1      | Reached XP level 2. HP: 27/27 MP: 2/2
   981 | D:2      | Reached XP level 3. HP: 33/33 MP: 3/3
  1193 | D:2      | Reached skill level 4 in Axes
  1750 | D:2      | Reached XP level 4. HP: 35/40 MP: 4/4
  1976 | D:3      | Reached skill level 5 in Axes
  2305 | D:3      | Found Dakk's Book Boutique.
  2830 | D:4      | Noticed a scorpion
  2842 | D:4      | Reached XP level 5. HP: 46/46 MP: 5/5
  2845 | D:4      | Reached skill level 6 in Axes
  2941 | D:4      | Reached XP level 6. HP: 52/52 MP: 6/6
  3123 | D:4      | Noticed Dowan
  3125 | D:4      | Noticed Duvessa
  3128 | D:4      | Killed Dowan
  3129 | D:4      | Reached skill level 7 in Axes
  3132 | D:4      | Slain by Duvessa

Illustrated notes

Levels and vault maps discovered:
D:1:      psy_arrival_spokes, layout_basic, hellmonk_ecumenical_altar_lost_god,
          chequers_garden
D:2:      layout_basic, roderic_serpentine_path, chequers_serial_rivers_room_a,
          serial_bayou_lake_a
D:3:      layout_rooms, serial_shops, nicolae_shop_advertising_works
          [nicolae_subvault_shop_adworks]
D:4:      minmay_polygon_palace, layout_layer_cave, uniq_duvessa

Skill      XL: |  1  2  3  4  5  6 |
---------------+-------------------+-----
Axes           | 3 4 5 6 7 |  7.1
Fighting       | 4 |  4.1
Armour         | 4 |  4.1
Dodging        | |  0.6
Stealth        | |  0.1
Shields        | |  3.6

Action                     |  1- 3 |  4- 6 || total
---------------------------+-------+-------++-------
  Melee: War axe           |   110 |   110 ||   220
    Use: Potion            |       |     1 ||     1
 Armour: Scale mail        |    50 |    58 ||   108
  Dodge: Dodged            |    49 |    68 ||   117
         Repelled          |     1 |       ||     1
  Block: Buckler           |    29 |    28 ||    57
